 Dungeon Crawl Stone Soup version 0.24-a0-520-g8fd06ad0bc (webtiles) character file.

Game seed: 12732760953971002782

14490 Grim the Destroyer (level 11, 0/64 HPs)
             Began as a Deep Elf Conjurer on July 27, 2019.
             Was an Elder of Vehumet.
             Slain by a jumping spider (19 damage)
             ... on level 2 of the Lair of Beasts.
             The game lasted 00:53:25 (15725 turns).

Grim the Destroyer (Deep Elf Conjurer)             Turns: 15725, Time: 00:53:25

Health: 0/64       AC:  5    Str:  8    XL:     11   Next: 89%
Magic:  47/47      EV: 18    Int: 21    God:    Vehumet [****..]
Gold:   948        SH:  0    Dex: 15    Spells: 0/24 levels left

rFire    + . .     SeeInvis .   B - staff of power
rCold    x . .     Gourm    .   (no shield)
rNeg     . . .     Faith    .   a - +0 robe
rPois    .         Spirit   .   o - +0 helmet
rElec    .         Reflect  .   C - +1 cloak
rCorr    .         Harm     .   (no gloves)
MR       +....                  (no boots)
Stlth    ++........             (no amulet)
HPRegen  0.20/turn              v - ring of fire
MPRegen  0.30/turn              m - ring of magical power

@: no status effects
A: no striking features
a: Renounce Religion


You were on level 2 of the Lair of Beasts.
You worshipped Vehumet.
Vehumet was greatly pleased with you.
You were not hungry.

You visited 3 branches of the dungeon, and saw 12 of its levels.

You collected 948 gold pieces.

Inventory:

Missiles
 z - 4 throwing nets (quivered)
Armour
 a - a +0 robe (worn)
 o - a +0 helmet (worn)
 C - a +1 cloak (worn)
Magical Staves
 B - an uncursed staff of power (weapon)
Jewellery
 m - a ring of magical power (right hand)
 n - a +3 ring of intelligence
 v - a ring of fire (left hand)
Wands
 s - a wand of flame (32)
Scrolls
 b - a scroll of amnesia {unknown}
 g - 2 scrolls of noise {unknown}
 h - 4 scrolls of enchant weapon
 i - 6 scrolls of remove curse
 j - 2 scrolls of teleportation
 l - 2 scrolls of magic mapping {unknown}
 q - 2 scrolls of vulnerability {unknown}
 u - a scroll of fear {unknown}
Potions
 d - a potion of might
 e - 2 potions of brilliance
 f - 2 potions of mutation {!q}
 k - a potion of ambrosia
 p - a potion of lignification
 r - a potion of curing
 w - a potion of flight
 x - a potion of agility {unknown}
 E - a potion of haste {unknown}
Comestibles
 c - 11 rations


   Skills:
 - Level 5.3 Fighting
   Level 4.7 Long Blades
 - Level 5.7 Staves
 + Level 9.4 Dodging
 - Level 2.4 Stealth
 - Level 7.2 Spellcasting
 - Level 13.0 Conjurations
 - Level 5.2 Translocations
 - Level 6.6 Air Magic
 * Level 1.2 Poison Magic


You couldn't memorise any spells.
You knew the following spells:

 Your Spells              Type           Power        Failure   Level  Hunger
a - Magic Dart            Conj           ####         1%          1    None
b - Searing Ray           Conj           ######       1%          2    None
c - Iskenderun's Mystic   Conj           ######..     1%          4    ###....
d - Force Lance           Conj/Tloc      #####...     1%          4    ###....
e - Fulminant Prism       Conj/Hex       #####.....   1%          4    ###....
f - Mephitic Cloud        Conj/Pois/Air  #####...     1%          3    None
g - Airstrike             Air            #####.....   1%          4    ###....
h - Swiftness             Chrm/Air       ###.....     3%          2    None

Your spell library contained the following spells:

 Spells                   Type           Power        Failure   Level  Hunger
 Bolt of Draining         Conj/Necr      #####.....   4%          5    #####..
 Apportation              Tloc           ####..       1%          1    None
 Shock                    Conj/Air       ####         1%          1    None
 Blink                    Tloc           N/A          1%          2    None
 Conjure Flame            Conj/Fire      ######..     1%          3    None
 Dazzling Spray           Conj/Hex       #####.       1%          3    None
 Static Discharge         Conj/Air       #####...     1%          3    None
 Lightning Bolt           Conj/Air       #####.....   1%          5    #####..
 Gell's Gravitas          Tloc           ####......   3%          3    None
 Lesser Beckoning         Tloc           ####......   3%          3    None
 Beastly Appendage        Tmut           #.....       9%          1    None
 Confusing Touch          Hex            #.....       9%          1    None
 Corona                   Hex            #......      9%          1    None
 Summon Butterflies       Summ           #.......     9%          1    None
 Call Imp                 Summ           #.......     13%         2    None
 Ensorcelled Hibernation  Hex/Ice        #.....       13%         2    None
 Slow                     Hex            #.......     13%         2    None
 Sticks to Snakes         Tmut           #.......     13%         2    None
 Spider Form              Tmut/Pois      ##........   21%         3    None
 Confuse                  Hex            #.......     26%         3    None
 Tukima's Dance           Hex            #.......     26%         3    None
 Yara's Violent Unravell  Hex/Tmut       #.........   50%         5    #####..
 Ice Form                 Ice/Tmut       #.......     65%         4    ###....
 Petrify                  Tmut/Erth      #.......     65%         4    ###....
 Alistair's Intoxication  Tmut/Pois      ##......     88%         5    #####..
 Blade Hands              Tmut           #.........   94%         5    #####..
 Metabolic Englaciation   Hex/Ice        #.........   94%         5    #####..
 Invisibility             Hex            #.......     100%        6    ######.


Dungeon Overview and Level Annotations

Branches:
Dungeon (9/15)             Temple (1/1) D:5            Lair (2/6) D:8
 Spider (0/4) Lair:2          Orc (0/2) D:9
  Swamp: Lair:2-4    Shoals: Lair:2-4

Altars:
Dithmenos
Elyvilon
Kikubaaqudgha
Nemelex Xobeh
Okawaru
Qazlal
Trog
Vehumet
Wu Jian
Yredelemnul

Annotations:
D:9 Harold
Lair:2 1 exclusion


Message History

The jumping spider is too close now for your liking.
There is a web here.
You disentangle yourself.
The jumping spider pounces on you!!
You are caught in a web!
The jumping spider bites you.
The jumping spider hisses angrily.
You struggle to detach yourself from the web.
The jumping spider pounces on you!
* * * LOW HITPOINT WARNING * * *
The jumping spider barely misses you.
The jumping spider pounces on you but does no damage.
The jumping spider closely misses you. The jumping spider pounces on you!
* * * LOW HITPOINT WARNING * * *
You are even more entangled.
The jumping spider bites you but does no damage.
You disentangle yourself.
The jumping spider barely misses you. The jumping spider bites you.
* * * LOW HITPOINT WARNING * * *
The jumping spider barely misses you. The jumping spider closely misses you.
The jumping spider pounces on you!!
You die...

# ### .#.. ######s##
......####^#.#^#@#
...#..#P###.#^#.#s#
P.#.....P#.#.#####s#
..#.........#.#.# ..≈
.............#.#..>.≈.s
............#.###...≈..#
.........#†###.# #.##.##
†........##.#.## ## ##
......^#####.#^#


You could see 3 jumping spiders.

Vanquished Creatures
  Gastronok (Lair:1)
  A hydra (Lair:1)
  Erica (D:9)
  Pikel (D:6)
  Maurice (D:9)
  2 spiny frogs (Lair:1)
  2 komodo dragons
  A rime drake (Lair:1)
  A queen bee (Lair:1)
  2 jumping spiders (Lair:2)
  Grinder (D:6)
  5 blink frogs (Lair:1)
  A hippogriff (Lair:1)
  4 redbacks (Lair:2)
  A hungry ghost (D:8)
  4 wargs (D:9)
  4 water moccasins (Lair:1)
  A porcupine (Lair:1)
  4 orc warriors
  3 sky beasts
  A slave (D:6)
  5 ice beasts
  2 phantoms
  6 wolves (Lair:1)
  4 ogres
  2 centaurs
  4 crocodiles
  Blork the orc (D:6)
  5 bullfrogs
  3 scorpions
  22 killer bees
  A wight (D:6)
  2 electric eels (Lair:2)
  3 howler monkeys
  3 crimson imps
  2 bullfrog zombies (D:6)
  An orc priest (D:7)
  5 jellies
  8 orc wizards
  2 bullfrog skeletons
  A centaur skeleton (D:8)
  5 hounds
  12 worker ants
  A killer bee zombie (D:7)
  A hound skeleton (D:8)
  13 adders
  2 shadow imps
  3 oozes
  3 adder zombies
  2 adder skeletons
  5 worms
  A dart slug (D:3)
  6 leopard geckos
  39 orcs
  8 bats
  5 giant cockroaches
  7 goblins
  9 hobgoblins
  7 jackals
  7 kobolds
  2 quokkas
  4 frilled lizards
  A jackal skeleton (D:6)
  9 rats
  A spectral orc (D:6)
277 creatures vanquished.

Vanquished Creatures (collateral kills)
  A killer bee (Lair:1)
1 creature vanquished.

Vanquished Creatures (others)
  A slave (D:6)
  A killer bee (Lair:1)
  An adder (D:6)
  A leopard gecko (D:6)
  10 fulminant prisms
  2 plants (Lair:1)
16 creatures vanquished.

Grand Total: 294 creatures vanquished

Notes
Turn   | Place    | Note
-------+----------+-------------------------------------------
     0 | D:1      | Grim the Deep Elf Conjurer began the quest for the Orb.
     0 | D:1      | Reached XP level 1. HP: 10/10 MP: 6/6
   262 | D:1      | Reached XP level 2. HP: 15/15 MP: 6/8
   354 | D:1      | Reached skill level 5 in Conjurations
   455 | D:1      | You fall into a shaft and drop 1 floor!
   619 | D:2      | Learned a level 2 spell: Searing Ray
   626 | D:2      | Reached XP level 3. HP: 19/19 MP: 4/9
  1675 | D:2      | Reached skill level 10 in Conjurations
  1675 | D:2      | Reached XP level 4. HP: 24/24 MP: 10/10
  2116 | D:3      | Learned a level 4 spell: Iskenderun's Mystic Blast
  2313 | D:3      | Found a shadowy altar of Dithmenos.
  2390 | D:3      | Reached XP level 5. HP: 28/28 MP: 4/11
  3377 | D:4      | Reached XP level 6. HP: 32/32 MP: 7/12
  4210 | D:5      | Entered Level 5 of the Dungeon
  4360 | D:5      | Noticed an ice beast
  4369 | D:5      | Killed an ice beast
  4519 | D:5      | Learned a level 4 spell: Force Lance
  4527 | D:5      | Reached skill level 1 in Translocations
  4527 | D:5      | Reached XP level 7. HP: 36/36 MP: 3/13
  4912 | D:5      | Found a staircase to the Ecumenical Temple.
  4926 | Temple   | Entered the Ecumenical Temple
  4987 | Temple   | Became a worshipper of Vehumet
  5274 | D:5      | Reached skill level 11 in Conjurations
  5901 | D:5      | Reached XP level 8. HP: 41/41 MP: 14/14
  6479 | D:6      | Found a white marble altar of Elyvilon.
  6542 | D:6      | Noticed Blork the orc
  6546 | D:6      | Killed Blork the orc
  6546 | D:6      | Reached skill level 5 in Translocations
  6850 | D:6      | Noticed Pikel
  6859 | D:6      | Killed Pikel
  6859 | D:6      | Reached skill level 1 in Fighting
  7050 | D:6      | Reached XP level 9. HP: 26/48 MP: 13/15
  7095 | D:6      | Reached * piety under Vehumet
  7095 | D:6      | Offered knowledge of Sting by Vehumet.
  7705 | D:6      | Noticed Grinder
  7710 | D:6      | Killed Grinder
  7983 | D:6      | Found a basalt altar of Yredelemnul.
  8529 | D:7      | Reached skill level 12 in Conjurations
  9155 | D:7      | Offered knowledge of Flame Tongue by Vehumet.
  9231 | D:7      | Reached ** piety under Vehumet
  9545 | D:7      | Found an iron altar of Okawaru.
 10210 | D:8      | Found a staircase to the Lair.
 10454 | D:8      | Reached XP level 10. HP: 56/56 MP: 16/16
 10657 | D:9      | Noticed Erica
 10670 | D:9      | Killed Erica
 10943 | D:9      | Learned a level 4 spell: Fulminant Prism
 10988 | D:9      | Noticed Maurice
 11012 | D:9      | Killed Maurice
 11487 | D:9      | Found an ornate altar of the Wu Jian Council.
 11493 | D:9      | Found a stormy altar of Qazlal.
 11494 | D:9      | Found an ancient bone altar of Kikubaaqudgha.
 11494 | D:9      | Found a bloodstained altar of Trog.
 11624 | D:9      | Noticed Harold
 11761 | D:9      | Reached skill level 5 in Fighting
 11769 | D:9      | Reached skill level 13 in Conjurations
 11965 | D:9      | Found a staircase to the Orcish Mines.
 12078 | D:9      | Offered knowledge of Stone Arrow by Vehumet.
 12427 | Lair:1   | Entered Level 1 of the Lair of Beasts
 12440 | Lair:1   | Noticed a spiny frog
 12450 | Lair:1   | Reached *** piety under Vehumet
 12450 | Lair:1   | Reached skill level 1 in Staves
 12454 | Lair:1   | Killed a spiny frog
 12998 | Lair:1   | Noticed a spiny frog
 13002 | Lair:1   | Killed a spiny frog
 13002 | Lair:1   | Reached skill level 5 in Spellcasting
 13046 | Lair:1   | Learned a level 3 spell: Mephitic Cloud
 13059 | Lair:1   | Noticed a six-headed hydra
 13066 | Lair:1   | Killed a six-headed hydra
 13066 | Lair:1   | Reached XP level 11. HP: 64/64 MP: 22/22
 13132 | Lair:1   | Learned a level 4 spell: Airstrike
 13225 | Lair:1   | Reached skill level 1 in Air Magic
 13237 | Lair:1   | Noticed Gastronok
 13424 | Lair:1   | Killed Gastronok
 13604 | Lair:1   | Reached skill level 5 in Air Magic
 14060 | Lair:1   | Offered knowledge of Ignite Poison by Vehumet.
 14067 | Lair:1   | Reached skill level 5 in Staves
 14535 | Lair:1   | Reached **** piety under Vehumet
 14557 | Lair:1   | Offered knowledge of Bolt of Draining by Vehumet.
 15439 | Lair:2   | Learned a level 2 spell: Swiftness
 15629 | Lair:2   | Reached skill level 1 in Poison Magic
 15698 | Lair:2   | Found a hole to the Spider Nest.
 15725 | Lair:2   | Slain by a jumping spider

Levels and vault maps discovered:
D:1:      wander_arrival_chamber, layout_basic
D:2:      layout_basic, first_ration
D:3:      layout_rooms, lemuel_crystal_altar
D:4:      layout_gridville, chequers_garden, st_stairs_4, minmay_misc_feat_cross
D:5:      layout_basic, minmay_temple_entry_junction_2
D:6:      minmay_polygon_palace, layout_loops_ring,
          yredelemnul_forgotten_temple_becter, elyvilon_altar_4,
          minmay_misc_feat_chi, bh_walls_and_bars, uniq_grinder,
          uniq_blork_the_orc, uniq_pikel
D:7:      layout_loops_cross, kennysheep_okawaru_gauntlet
D:8:      layout_basic, dpeg_oklobed_lair
D:9:      layout_basic, minitemple, minmay_orc_entry_guard_dogs,
          minmay_misc_feat_five, uniq_maurice, uniq_erica, uniq_harold
Temple:   regret_index_temple_waves
Lair:1:   layout_roguey [special_room_bee], patterned_corridor, uniq_gastronok
Lair:2:   layout_regular_city, minmay_shoals_entry_beasts,
          nicolae_spider_entry_tight_spaces, serial_bayou, serial_bayou_pond_a,
          serial_bayou_shore_a, serial_bayou_shore_b, serial_bayou_lake_a

Skill      XL: |  1  2  3  4  5  6  7  8  9 10 11 |
---------------+----------------------------------+-----
Conjurations   | 5 10 11 12 13 | 13.0
Dodging        | 9 |  9.4
Translocations | 1 4 5 |  5.2
Fighting       | 2 3 5 |  5.3
Long Blades    | 2 4 |  4.7
Staves         | 2 5 |  5.7
Spellcasting   | 6 7 |  7.2
Air Magic      | 6 |  6.6
Poison Magic   | 1 |  1.2
Stealth        | |  2.4

Action                   |  1- 3 |  4- 6 |  7- 9 | 10-12 || total
-------------------------+-------+-------+-------+-------++-------
Melee: Short sword       |       |     3 |       |       ||     3
       Falchion          |       |       |    32 |       ||    32
       Staff             |       |       |       |     6 ||     6
Throw: Throwing net      |       |       |       |     1 ||     1
 Cast: Magic Dart        |    58 |   109 |   216 |   148 ||   531
       Searing Ray       |     1 |    10 |    24 |    32 ||    67
       Iskenderun's Myst |       |     5 |    27 |    66 ||    98
       Force Lance       |       |       |    25 |    32 ||    57
       Fulminant Prism   |       |       |       |    10 ||    10
       Mephitic Cloud    |       |       |       |     7 ||     7
       Airstrike         |       |       |       |     1 ||     1
Evoke: Wand              |       |       |       |     2 ||     2
  Use: Scroll            |     5 |     2 |     2 |     4 ||    13
       Potion            |     1 |     1 |       |     5 ||     7
 Stab: Sleeping          |       |     1 |       |       ||     1
  Eat: Ration            |     1 |     1 |     5 |     6 ||    13
       Chunk             |       |     4 |    12 |    12 ||    28
Armor: Robe              |     1 |     2 |     2 |    20 ||    25
       Skin              |       |       |       |     5 ||     5
Dodge: Dodged            |       |    20 |    66 |   130 ||   216
       Rpst.: Falchion   |       |       |    20 |       ||    20

Table legend:
 A = Non-vault XP
 B = Vault XP
 C = Vault XP percentage of total XP
 D = Non-vault monster count
 E = Vault monster count
 F = Vault count percentage of total count
                 A         B        C        D         E       F
            +---------+---------+-------+---------+---------+-------
      Total |   11482 |    9144 |  44.3 |     222 |      56 |  20.1
            +---------+---------+-------+---------+---------+-------
        D:1 |      40 |       0 |   0.0 |      20 |       0 |   0.0
        D:2 |      27 |       0 |   0.0 |       7 |       0 |   0.0
        D:3 |      59 |       0 |   0.0 |      30 |       0 |   0.0
        D:4 |     227 |      33 |  12.7 |      17 |       1 |   5.6
        D:5 |    1060 |       0 |   0.0 |      23 |       0 |   0.0
        D:6 |     684 |    1628 |  70.4 |      16 |      16 |  50.0
        D:7 |    1062 |       2 |   0.2 |      30 |       2 |   6.2
        D:8 |     681 |       0 |   0.0 |      18 |       0 |   0.0
        D:9 |    1071 |    2074 |  65.9 |      30 |       6 |  16.7
     Lair:1 |    5883 |    3951 |  40.2 |      26 |      25 |  49.0
     Lair:2 |     688 |    1456 |  67.9 |       5 |       6 |  54.5
            +---------+---------+-------+---------+---------+-------
